AoeStats
← Pepe Poppins

Arabia

508908998Analyzed
1v1 RM · 7d ago on Sep 24, 2026· 26m 44s· 2 players
Game mode
Random Map
Map size
Tiny (2 player)
Population
200
Speed
Normal
Resources
Standard
Victory
Conquest
Starting age
Dark Age
Ending age
Imperial Age
RankedLock teamsTeams togetherTeam positionsShared explorationLock speedFull tech treeHidden civsTurbo modeCheats
Victory
Defeat
🇲🇽 Danes · Mexico
580
+14
🇳🇱 Magyars · Netherlands
527
-14
Pepe Poppins
10:34 Feudal Age
10:56 Horse Collar
11:03 Double-Bit Axe
15:25 Loom
16:33 Loom
23:18 Castle Age
21:42 Gold Mining
21:42 Stone Mining
23:09 Fletching
23:25 Scale Barding Armor
24:51 Husbandry
juan_ca2905
8:57 Loom
11:36 Feudal Age
22:05 Castle Age
20:55 Double-Bit Axe
23:01 Gambesons
23:18 Squires
22:45 Elite Skirmisher
Connection lost

Rejoining the realm…

Still unreachable

The connection could not be restored.

Session expired

The server has moved on; the page needs a fresh start.